Canadiens vs Devils
Created - 5 mars 2014 at 19:09
Goals
|
| Canadiens |
0 |
3 |
1 |
4 |
| Devils |
1 |
0 |
0 |
1 |
|
Shots
|
| Canadiens |
9 |
12 |
12 |
33 |
| Devils |
9 |
10 |
10 |
29 |
|
1st period
1. Devils , Guillaume Latendresse 24 (Jonas Hoglund, Andrei Markov) at 12:46
Penalties :
Jason Williams (NJD) for Boarding (Minor) at 1:28, Jonas Hoglund (NJD) for Interference (Minor) at 4:00, Mike York (Mon) for Hooking (Minor) at 13:49, Radim Vrbata (Mon) for Roughing (Minor) at 17:49
2nd period
2. Canadiens , Mike York 22 (Jeff Woywitka, Nicklas Lidstrom) at 1:27
3. Canadiens , Radim Vrbata 27 (Viktor Kozlov, Patrick Marleau) at 4:07 (PP)
4. Canadiens , Jamie Lundmark 7 (Michel Ouellet, Chris Dingman) at 10:09
Penalties :
Ben Lovejoy (NJD) for Hooking (Minor) at 4:01, Guillaume Latendresse (NJD) for Holding (Minor) at 7:33, Mike Komisarek (NJD) for Unsportsmanlike conduct (Major / Game Misconduct) at 10:49
3rd period
5. Canadiens , Radim Vrbata 28 (Nicklas Lidstrom, Patrick Marleau) at 10:04 (PP)
Penalties :
Matt Carle (Mon) for Hooking (Minor) at 7:12, Jeff Schultz (NJD) for Tripping (Minor) at 9:53, Matt Carle (Mon) for Tripping (Minor) at 10:13, Kurtis Foster (NJD) for Roughing (Minor) at 15:02
Goalie Stats
Mikael Tellqvist (Mon), 28 saves from 29 shots - (0,966), W, 11-3-1, 60:00 minutes
Antti Niemi (NJD), 29 saves from 33 shots - (0,879), L, 21-19-2, 60:00 minutes
Players Stats for Canadiens
Player Name G A P +/- PIM S H SB GA TA FO MP PP MP PK MP
------------------------------------------------------------------------------------
Chris Dingman 0 1 1 1 0 2 0 0 0 0 0/0 10:07 0:27 1:21
Dave Scatchard 0 0 0 0 0 0 0 0 0 0 0/1 7:14 1:08 0:00
Dennis Wideman 0 0 0 0 0 1 1 0 2 0 0/0 23:11 7:39 3:11
Éric Desjardins 0 0 0 0 0 3 0 0 0 0 0/0 19:20 5:00 4:45
Jamie Lundmark 1 0 1 1 0 4 4 0 0 0 2/5 11:07 0:00 2:09
Jeff Woywitka 0 1 1 1 0 3 3 1 0 0 0/0 20:40 0:33 3:11
Marek Svatos 0 0 0 1 0 4 2 1 0 0 0/0 18:43 5:00 0:00
Matt Carle 0 0 0 0 4 1 2 0 0 1 0/0 17:18 5:00 0:00
Michel Ouellet 0 1 1 1 0 1 1 0 0 0 1/1 12:24 1:24 2:09
Mike Ribeiro 0 0 0 1 0 0 0 0 0 0 10/27 20:15 5:00 1:21
Mike York 1 0 1 1 2 3 3 1 0 0 0/3 19:32 5:00 0:00
Nicklas Lidstrom 0 2 2 1 0 1 3 1 0 0 0/0 24:59 7:39 0:00
Ossi Vaananen 0 0 0 0 0 0 0 0 0 0 0/0 14:46 0:33 4:45
Patrick Marleau 0 2 2 -1 0 3 1 1 0 0 0/0 21:13 6:53 4:26
Radim Vrbata 2 0 2 -1 2 5 5 0 0 0 0/2 16:33 6:45 0:00
Ruslan Fedotenko 0 0 0 0 0 1 0 0 0 0 0/0 7:12 1:06 0:00
Ryan Callahan 0 0 0 0 0 0 0 0 0 0 0/1 6:13 0:00 0:00
Viktor Kozlov 0 1 1 -1 0 1 2 0 2 0 14/25 21:13 6:53 4:26
Players Stats for Devils
Player Name G A P +/- PIM S H SB GA TA FO MP PP MP PK MP
------------------------------------------------------------------------------------
Andrei Kostitsyn 0 0 0 0 0 3 0 0 0 0 0/0 5:37 0:55 1:31
Andrei Markov 0 1 1 0 0 2 2 0 0 0 0/0 26:24 4:54 6:05
Ben Lovejoy 0 0 0 -1 2 2 1 2 0 0 0/0 21:33 4:54 2:16
Brian Rafalski 0 0 0 0 0 0 1 0 0 0 0/0 10:42 3:02 1:31
Doug Weight 0 0 0 -1 0 1 3 2 0 0 10/18 16:54 0:53 6:27
Guillaume Latendresse 1 0 1 1 2 5 0 0 0 0 0/1 21:13 3:14 1:48
Jason Williams 0 0 0 0 2 0 1 0 0 1 1/3 8:05 0:00 3:47
Jeff Schultz 0 0 0 0 2 0 0 0 0 0 0/0 16:01 0:00 3:52
Jonas Hoglund 0 1 1 1 2 3 1 0 0 1 2/3 21:31 0:52 5:46
Kurtis Foster 0 0 0 -1 2 1 1 2 0 1 0/0 13:38 0:00 2:28
Lee Stempniak 0 0 0 -1 0 2 3 0 0 1 1/1 16:15 2:54 4:06
Marek Zidlicky 0 0 0 0 0 0 0 0 1 0 0/0 20:15 3:02 7:04
Mike Komisarek 0 0 0 0 15 0 0 0 0 0 0/0 12:01 0:00 3:08
Patrick Eaves 0 0 0 -1 0 1 1 0 0 0 1/1 16:17 4:31 0:00
Phil Kessel 0 0 0 -1 0 1 0 0 0 0 0/0 11:40 2:33 0:00
Saku Koivu 0 0 0 -1 0 1 3 2 0 0 9/14 16:51 2:33 2:09
Stephen Weiss 0 0 0 1 0 6 2 0 0 0 14/24 18:53 4:30 0:00
Tomas Holmstrom 0 0 0 -1 0 1 0 0 0 0 0/0 12:51 0:53 0:50
3 Stars
1 - Radim Vrbata (Mon)
2 - Mikael Tellqvist (Mon)
3 - Jamie Lundmark (Mon)
Power Play
Canadiens - 2 on 7 Attempt(s) - 28,57%
Devils - 0 on 4 Attempt(s) - 0,00%
Penalty Kill
Canadiens - 4 on 4 Attempt(s) - 100,00%
- Score 0 goal in Penalty Kill
Devils - 5 on 7 Attempt(s) - 71,43%
- Score 0 goal in Penalty Kill
Official
Referees : VanMassenhoven Don and Dwyer Gord
Linesman : Thor Nelson and Mike Cvik
Game Notes
12:46 of 1st period - Devils goal is going for a video replay. After video review, Goal.
Andrei Kostitsyn is injured at 15:14 of 1st period (Sprained Right Knee)
Mike Komisarek ejected from game at 10:49 of 2nd period
Finance
Level 1 -- Attendance: 5078 (84,63%) -- Ticket Income 431 630 $
Level 2 -- Attendance: 4240 (84,80%) -- Ticket Income 220 480 $
Level 3 -- Attendance: 1937 (96,85%) -- Ticket Income 54 236 $
Level 4 -- Attendance: 3249 (81,23%) -- Ticket Income 64 980 $
Luxury Box -- Attendance: 980 (98,00%) -- Ticket Income 166 600 $
Game was played at the The prudential Center
Total Attendance: 15484 (86,02%)
Total Ticket Income: 937 926 $
Other Income: 140 689 $
Total Income: 1 078 615 $
Canadiens
5 vs 5 Forward
Center Left Wing Right Wing Time % Phy DF OF
1 Mike Ribeiro Mike York Marek Svatos 40 1 2 2
2 Viktor Kozlov Patrick Marleau Radim Vrbata 30 1 2 2
3 Jamie Lundmark Chris Dingman Michel Ouellet 20 1 2 2
4 Dave Scatchard Ruslan Fedotenko Ryan Callahan 10 1 2 2
5 vs 5 Defense
Defense Defense Time % Phy DF OF
1 Nicklas Lidstrom Jeff Woywitka 40 1 2 2
2 Matt Carle Dennis Wideman 30 1 2 2
3 Éric Desjardins Ossi Vaananen 20 1 2 2
4 Nicklas Lidstrom Jeff Woywitka 10 1 2 2
PowerPlay Forward
Center Left Wing Right Wing Time % Phy DF OF
1 Viktor Kozlov Patrick Marleau Radim Vrbata 60 1 2 2
2 Mike Ribeiro Mike York Marek Svatos 40 1 2 2
PowerPlay Defense
Defense Defense Time % Phy DF OF
1 Nicklas Lidstrom Dennis Wideman 60 1 2 2
2 Matt Carle Éric Desjardins 40 1 2 2
Penalty Kill 4 Players Forward
Center Wing Time % Phy DF OF
1 Viktor Kozlov Patrick Marleau 60 1 2 2
2 Jamie Lundmark Michel Ouellet 40 1 2 2
Penalty Kill 4 Players Defense
Defense Defense Time % Phy DF OF
1 Éric Desjardins Ossi Vaananen 60 1 2 2
2 Dennis Wideman Jeff Woywitka 40 1 2 2
Penalty Kill - 3 Players Forward
Forward Time % Phy DF OF
1 Viktor Kozlov 60 1 2 2
2 Jamie Lundmark 40 1 2 2
Penalty Kill - 3 Players Defense
Defense Defense Time % Phy DF OF
1 Éric Desjardins Ossi Vaananen 60 1 2 2
2 Dennis Wideman Jeff Woywitka 40 1 2 2
4 vs 4 Forward
Center Wing Time % Phy DF OF
1 Mike Ribeiro Patrick Marleau 60 1 2 2
2 Viktor Kozlov Mike York 40 1 2 2
4 vs 4 Defense
Defense Defense Time % Phy DF OF
1 Matt Carle Dennis Wideman 60 1 2 2
2 Nicklas Lidstrom Jeff Woywitka 40 1 2 2
Last Minutes Offensive
Center Left Wing Right Wing Defense Defense
Mike Ribeiro Patrick Marleau Marek Svatos Nicklas Lidstrom Dennis Wideman
Last Minutes Defensive
Center Left Wing Right Wing Defense Defense
Viktor Kozlov Patrick Marleau Marek Svatos Nicklas Lidstrom Jeff Woywitka
Goaltenders
Starting : Mikael Tellqvist
Backup : Rick DiPietro
Extra Forwards
Normal : Radim Vrbata, Ryan Callahan, Dave Scatchard - PP : Ruslan Fedotenko, Dave Scatchard - PK : Mike Ribeiro
Extra Defensemen
Normal : Éric Desjardins, Ossi Vaananen, Matt Carle - PP : Jeff Woywitka - PK : Nicklas Lidstrom, Matt Carle
Penalty Shots
Patrick Marleau, Radim Vrbata, Mike Ribeiro, Marek Svatos, Viktor Kozlov
Devils
5 vs 5 Forward
Center Left Wing Right Wing Time % Phy DF OF
1 Stephen Weiss Guillaume Latendresse Jonas Hoglund 40 1 2 2
2 Saku Koivu Andrei Kostitsyn Patrick Eaves 30 1 2 2
3 Doug Weight Tomas Holmstrom Phil Kessel 20 1 2 2
4 Jason Williams Tomas Holmstrom Lee Stempniak 10 1 2 2
5 vs 5 Defense
Defense Defense Time % Phy DF OF
1 Andrei Markov Mike Komisarek 40 1 2 2
2 Kurtis Foster Ben Lovejoy 30 1 2 2
3 Jeff Schultz Marek Zidlicky 20 1 2 2
4 Jeff Schultz Brian Rafalski 10 1 2 2
PowerPlay Forward
Center Left Wing Right Wing Time % Phy DF OF
1 Stephen Weiss Andrei Kostitsyn Patrick Eaves 60 0 2 3
2 Saku Koivu Guillaume Latendresse Phil Kessel 40 0 2 3
PowerPlay Defense
Defense Defense Time % Phy DF OF
1 Andrei Markov Ben Lovejoy 60 1 2 2
2 Marek Zidlicky Brian Rafalski 40 1 2 2
Penalty Kill 4 Players Forward
Center Wing Time % Phy DF OF
1 Doug Weight Jonas Hoglund 60 1 3 1
2 Jason Williams Lee Stempniak 40 1 3 1
Penalty Kill 4 Players Defense
Defense Defense Time % Phy DF OF
1 Marek Zidlicky Mike Komisarek 60 1 3 1
2 Jeff Schultz Andrei Markov 40 1 3 1
Penalty Kill - 3 Players Forward
Forward Time % Phy DF OF
1 Doug Weight 60 1 3 1
2 Stephen Weiss 40 1 3 1
Penalty Kill - 3 Players Defense
Defense Defense Time % Phy DF OF
1 Marek Zidlicky Mike Komisarek 60 1 3 1
2 Jeff Schultz Andrei Markov 40 1 3 1
4 vs 4 Forward
Center Wing Time % Phy DF OF
1 Saku Koivu Guillaume Latendresse 60 1 2 2
2 Stephen Weiss Andrei Kostitsyn 40 1 2 2
4 vs 4 Defense
Defense Defense Time % Phy DF OF
1 Marek Zidlicky Jeff Schultz 60 1 2 2
2 Andrei Markov Mike Komisarek 40 1 2 2
Last Minutes Offensive
Center Left Wing Right Wing Defense Defense
Stephen Weiss Guillaume Latendresse Jonas Hoglund Kurtis Foster Andrei Markov
Last Minutes Defensive
Center Left Wing Right Wing Defense Defense
Doug Weight Guillaume Latendresse Jonas Hoglund Mike Komisarek Jeff Schultz
Goaltenders
Starting : Antti Niemi
Backup : Dan Ellis
Extra Forwards
Normal : Lee Stempniak, Andrei Kostitsyn, Patrick Eaves - PP : Lee Stempniak, Patrick Eaves - PK : Lee Stempniak
Extra Defensemen
Normal : Ben Lovejoy, Brian Rafalski, Marek Zidlicky - PP : Ben Lovejoy - PK : Kurtis Foster, Andrei Markov
Penalty Shots
Stephen Weiss, Guillaume Latendresse, Doug Weight, Andrei Kostitsyn, Tomas Holmstrom
% Time on Ice - Canadiens
Lines # - Real PCT - Wanted PCT - Time Play
Normal Forward
1 - 37% - 40% - 14:26
2 - 27% - 30% - 10:22
3 - 21% - 20% - 8:08
4 - 15% - 10% - 5:56
Normal Defense
1 - 48% - 40% - 18:28
2 - 31% - 30% - 12:14
3 - 19% - 20% - 7:33
4 - 2% - 10% - 0:37
PP Forward
1 - 61% - 60% - 8:02
2 - 39% - 40% - 5:10
PP Defense
1 - 62% - 60% - 8:12
2 - 38% - 40% - 5:00
PK Forward
1 - 73% - 60% - 5:47
2 - 27% - 40% - 2:09
PK Defense
1 - 60% - 60% - 4:45
2 - 40% - 40% - 3:11
PK3 Forward
1 - 0% - 60%
2 - 0% - 40%
PK3 Defense
1 - 0% - 60%
2 - 0% - 40%
44 Forward
1 - 0% - 60%
2 - 0% - 40%
44 Defense
1 - 0% - 60%
2 - 0% - 40%
Last Minute Offensive - 0:00
Last Minute Defensive - 0:00
Total
Forward - 60:00
Defense - 60:00
|
% Time on Ice - Devils
Lines # - Real PCT - Wanted PCT - Time Play
Normal Forward
1 - 38% - 40% - 14:46
2 - 33% - 30% - 12:56
3 - 21% - 20% - 8:04
4 - 8% - 10% - 3:06
Normal Defense
1 - 47% - 40% - 18:11
2 - 26% - 30% - 9:59
3 - 22% - 20% - 8:36
4 - 5% - 10% - 2:06
PP Forward
1 - 68% - 60% - 5:23
2 - 32% - 40% - 2:33
PP Defense
1 - 62% - 60% - 4:54
2 - 38% - 40% - 3:02
PK Forward
1 - 74% - 60% - 9:48
2 - 26% - 40% - 3:24
PK Defense
1 - 72% - 60% - 9:32
2 - 28% - 40% - 3:40
PK3 Forward
1 - 0% - 60%
2 - 0% - 40%
PK3 Defense
1 - 0% - 60%
2 - 0% - 40%
44 Forward
1 - 0% - 60%
2 - 0% - 40%
44 Defense
1 - 0% - 60%
2 - 0% - 40%
Last Minute Offensive - 0:00
Last Minute Defensive - 0:00
Total
Forward - 60:00
Defense - 60:00
|
Play by Play
1st period
0:01 of 1st period - Mike Ribeiro wins face-off versus Stephen Weiss in neutral zone.
0:25 of 1st period - Stephen Weiss is hit by Jeff Woywitka and loses puck.
1:28 of 1st period - Minor Penalty to Jason Williams for Boarding.
1:29 of 1st period - Jonas Hoglund wins face-off versus Viktor Kozlov in Devils zone.
1:45 of 1st period - Jeff Schultz is hit by Radim Vrbata and loses puck.
2:11 of 1st period - Mike York is hit by Andrei Markov.
2:27 of 1st period - Marek Zidlicky is hit by Radim Vrbata and loses puck.
3:20 of 1st period - Jeff Schultz is hit by Matt Carle and loses puck.
3:28 of 1st period - Penalty to Jason Williams is over, Jason Williams is back on ice.
4:00 of 1st period - Minor Penalty to Jonas Hoglund for Interference.
4:01 of 1st period - Doug Weight wins face-off versus Viktor Kozlov in Devils zone.
6:00 of 1st period - Penalty to Jonas Hoglund is over, Jonas Hoglund is back on ice.
6:55 of 1st period - Lee Stempniak is hit by Mike York and loses puck.
7:10 of 1st period - Slapshot by Éric Desjardins.
7:10 of 1st period - Stopped by Antti Niemi without a rebound.
7:11 of 1st period - Saku Koivu wins face-off versus Jamie Lundmark in Devils zone.
7:11 of 1st period - Saku Koivu is hit by Nicklas Lidstrom.
7:19 of 1st period - Marek Zidlicky is hit by Nicklas Lidstrom and loses puck.
7:34 of 1st period - Jonas Hoglund is hit by Radim Vrbata and loses puck.
8:16 of 1st period - Snap shot by Éric Desjardins.
8:16 of 1st period - Shot Hit the Post.
8:26 of 1st period - Snap shot by Ruslan Fedotenko.
8:26 of 1st period - Stopped by Antti Niemi with a rebound.
8:42 of 1st period - Slapshot by Chris Dingman.
8:42 of 1st period - Stopped by Antti Niemi with a rebound.
8:44 of 1st period - Slapshot by Matt Carle.
8:44 of 1st period - Stopped by Antti Niemi without a rebound.
8:45 of 1st period - Stephen Weiss wins face-off versus Mike Ribeiro in Devils zone.
8:54 of 1st period - Slapshot by Stephen Weiss.
8:54 of 1st period - Shot Misses the Net.
9:15 of 1st period - Backhand shot by Nicklas Lidstrom.
9:15 of 1st period - Deflect By Patrick Marleau.
9:15 of 1st period - Shot Hit the Post.
9:15 of 1st period - Puck is out of play.
9:16 of 1st period - Doug Weight wins face-off versus Mike Ribeiro in Devils zone.
9:23 of 1st period - Slapshot by Mike York.
9:23 of 1st period - Stopped by Antti Niemi with a rebound.
9:56 of 1st period - Slapshot by Guillaume Latendresse.
9:56 of 1st period - Shot Misses the Net.
10:16 of 1st period - Dennis Wideman is hit by Saku Koivu and loses puck.
11:25 of 1st period - Slapshot by Nicklas Lidstrom.
11:25 of 1st period - Shot Blocked by Ben Lovejoy.
11:27 of 1st period - Slapshot by Jeff Woywitka.
11:27 of 1st period - Stopped by Antti Niemi without a rebound.
11:28 of 1st period - Jamie Lundmark wins face-off versus Stephen Weiss in Devils zone.
11:33 of 1st period - Wrist shot by Chris Dingman.
11:33 of 1st period - Stopped by Antti Niemi with a rebound.
11:35 of 1st period - Wrist shot by Chris Dingman.
11:35 of 1st period - Deflect By Jamie Lundmark.
11:35 of 1st period - Deflect By Andrei Markov.
11:35 of 1st period - Shot Misses the Net.
11:35 of 1st period - Puck is out of play.
11:36 of 1st period - Jonas Hoglund wins face-off versus Mike Ribeiro in Devils zone.
11:43 of 1st period - Snap shot by Jonas Hoglund.
11:43 of 1st period - Stopped by Mikael Tellqvist with a rebound.
12:07 of 1st period - Wrist shot by Andrei Kostitsyn.
12:07 of 1st period - Stopped by Mikael Tellqvist without a rebound.
12:08 of 1st period - Saku Koivu wins face-off versus Mike Ribeiro in Canadiens zone.
12:09 of 1st period - Slapshot by Andrei Kostitsyn.
12:09 of 1st period - Deflect By Patrick Eaves.
12:09 of 1st period - Shot Misses the Net.
12:09 of 1st period - Puck is out of play.
12:10 of 1st period - Saku Koivu wins face-off versus Mike Ribeiro in Canadiens zone.
12:41 of 1st period - Andrei Markov is hit by Radim Vrbata and loses puck.
12:44 of 1st period - Snap shot by Jonas Hoglund.
12:44 of 1st period - Shot Blocked by Patrick Marleau.
12:46 of 1st period - Wrist shot by Guillaume Latendresse.
12:46 of 1st period - Devils goal is going for a video replay.
12:46 of 1st period - The goal is good.
12:46 of 1st period - Goal by Guillaume Latendresse - Canadiens : 0 - Devils : 1.
12:47 of 1st period - Stephen Weiss wins face-off versus Mike Ribeiro in neutral zone.
13:13 of 1st period - Snap shot by Andrei Kostitsyn.
13:13 of 1st period - Shot Misses the Net.
13:15 of 1st period - Slapshot by Andrei Kostitsyn.
13:15 of 1st period - Stopped by Mikael Tellqvist with a rebound.
13:17 of 1st period - Snap shot by Marek Zidlicky.
13:17 of 1st period - Deflect By Patrick Eaves.
13:17 of 1st period - Stopped by Mikael Tellqvist without a rebound.
13:18 of 1st period - Viktor Kozlov wins face-off versus Saku Koivu in Canadiens zone.
13:18 of 1st period - Viktor Kozlov is hit by Saku Koivu.
13:46 of 1st period - Wrist shot by Andrei Kostitsyn.
13:46 of 1st period - Stopped by Mikael Tellqvist without a rebound.
13:47 of 1st period - Mike Ribeiro wins face-off versus Stephen Weiss in Canadiens zone.
13:49 of 1st period - Minor Penalty to Mike York for Hooking.
13:50 of 1st period - Viktor Kozlov wins face-off versus Stephen Weiss in Canadiens zone.
14:24 of 1st period - Wrist shot by Guillaume Latendresse.
14:24 of 1st period - Shot Misses the Net.
14:26 of 1st period - Wrist shot by Phil Kessel.
14:26 of 1st period - Stopped by Mikael Tellqvist with a rebound.
15:13 of 1st period - Andrei Kostitsyn is hit by Dennis Wideman and loses puck.
15:14 of 1st period - Andrei Kostitsyn from Devils is injured at 15:14 of 1st period (Sprained Right Knee).
15:15 of 1st period - Patrick Eaves wins face-off versus Viktor Kozlov in Devils zone.
15:49 of 1st period - Penalty to Mike York is over, Mike York is back on ice.
16:32 of 1st period - Snap shot by Jamie Lundmark.
16:32 of 1st period - Shot Blocked by Saku Koivu.
16:34 of 1st period - Slapshot by Éric Desjardins.
16:34 of 1st period - Shot Blocked by Ben Lovejoy.
16:36 of 1st period - Snap shot by Éric Desjardins.
16:36 of 1st period - Shot Blocked by Saku Koivu.
16:38 of 1st period - Snap shot by Mike York.
16:38 of 1st period - Deflect By Guillaume Latendresse.
16:38 of 1st period - Shot Misses the Net.
16:38 of 1st period - Puck is out of play.
16:39 of 1st period - Jason Williams wins face-off versus Viktor Kozlov in Devils zone.
17:01 of 1st period - Icing by Nicklas Lidstrom.
17:02 of 1st period - Stephen Weiss wins face-off versus Ryan Callahan in Canadiens zone.
17:13 of 1st period - Snap shot by Jeff Woywitka.
17:13 of 1st period - Stopped by Antti Niemi with a rebound.
17:15 of 1st period - Slapshot by Nicklas Lidstrom.
17:15 of 1st period - Shot Misses the Net.
17:17 of 1st period - Backhand shot by Jeff Woywitka.
17:17 of 1st period - Stopped by Antti Niemi with a rebound.
17:29 of 1st period - Dennis Wideman is hit by Lee Stempniak and loses puck.
17:34 of 1st period - Slapshot by Lee Stempniak.
17:34 of 1st period - Shot Misses the Net.
17:36 of 1st period - Snap shot by Andrei Markov.
17:36 of 1st period - Stopped by Mikael Tellqvist without a rebound.
17:37 of 1st period - Stephen Weiss wins face-off versus Radim Vrbata in Canadiens zone.
17:46 of 1st period - Wrist shot by Guillaume Latendresse.
17:46 of 1st period - Stopped by Mikael Tellqvist without a rebound.
17:47 of 1st period - Viktor Kozlov wins face-off versus Stephen Weiss in Canadiens zone.
17:49 of 1st period - Minor Penalty to Radim Vrbata for Roughing.
17:50 of 1st period - Viktor Kozlov wins face-off versus Stephen Weiss in Canadiens zone.
19:12 of 1st period - Stephen Weiss is hit by Jamie Lundmark and loses puck.
19:41 of 1st period - Viktor Kozlov is hit by Doug Weight and loses puck.
19:49 of 1st period - Penalty to Radim Vrbata is over, Radim Vrbata is back on ice.
Goals for this period are 0 for Canadiens vs 1 for Devils.
Shots for this period are 9 for Canadiens vs 9 for Devils.
2nd period
0:01 of 2nd period - Stephen Weiss wins face-off versus Mike Ribeiro in neutral zone.
0:26 of 2nd period - Guillaume Latendresse is hit by Michel Ouellet and loses puck.
0:49 of 2nd period - Snap shot by Patrick Marleau.
0:49 of 2nd period - Shot Misses the Net.
1:05 of 2nd period - Snap shot by Stephen Weiss.
1:05 of 2nd period - Stopped by Mikael Tellqvist with a rebound.
1:19 of 2nd period - Slapshot by Stephen Weiss.
1:19 of 2nd period - Stopped by Mikael Tellqvist without a rebound.
1:20 of 2nd period - Mike Ribeiro wins face-off versus Doug Weight in Canadiens zone.
1:27 of 2nd period - Slapshot by Jeff Woywitka.
1:27 of 2nd period - Deflect By Mike York.
1:27 of 2nd period - Goal by Mike York - Canadiens : 1 - Devils : 1.
1:28 of 2nd period - Mike Ribeiro wins face-off versus Doug Weight in neutral zone.
1:53 of 2nd period - Nicklas Lidstrom is hit by Lee Stempniak and loses puck.
2:00 of 2nd period - Wrist shot by Saku Koivu.
2:00 of 2nd period - Deflect By Patrick Eaves.
2:00 of 2nd period - Shot Blocked by Jeff Woywitka.
2:00 of 2nd period - Puck is out of play.
2:01 of 2nd period - Doug Weight wins face-off versus Mike Ribeiro in Canadiens zone.
2:02 of 2nd period - Snap shot by Tomas Holmstrom.
2:02 of 2nd period - Stopped by Mikael Tellqvist without a rebound.
2:03 of 2nd period - Mike Ribeiro wins face-off versus Doug Weight in Canadiens zone.
2:33 of 2nd period - Mike Komisarek is hit by Radim Vrbata and loses puck.
2:38 of 2nd period - Wrist shot by Patrick Marleau.
2:38 of 2nd period - Shot Misses the Net.
2:40 of 2nd period - Wrist shot by Patrick Marleau.
2:40 of 2nd period - Deflect By Radim Vrbata.
2:40 of 2nd period - Shot Misses the Net.
2:40 of 2nd period - Puck is out of play.
2:41 of 2nd period - Jamie Lundmark wins face-off versus Doug Weight in Devils zone.
3:35 of 2nd period - Snap shot by Saku Koivu.
3:35 of 2nd period - Shot Misses the Net.
3:37 of 2nd period - Slapshot by Lee Stempniak.
3:37 of 2nd period - Stopped by Mikael Tellqvist with a rebound.
3:39 of 2nd period - Snap shot by Saku Koivu.
3:39 of 2nd period - Stopped by Mikael Tellqvist without a rebound.
3:40 of 2nd period - Doug Weight wins face-off versus Mike Ribeiro in Canadiens zone.
3:43 of 2nd period - Slapshot by Tomas Holmstrom.
3:43 of 2nd period - Deflect By Doug Weight.
3:43 of 2nd period - Stopped by Mikael Tellqvist with a rebound.
3:51 of 2nd period - Slapshot by Éric Desjardins.
3:51 of 2nd period - Shot Blocked by Doug Weight.
3:53 of 2nd period - Snap shot by Éric Desjardins.
3:53 of 2nd period - Stopped by Antti Niemi with a rebound.
4:01 of 2nd period - Minor Penalty to Ben Lovejoy for Hooking.
4:02 of 2nd period - Viktor Kozlov wins face-off versus Doug Weight in Devils zone.
4:07 of 2nd period - Snap shot by Radim Vrbata.
4:07 of 2nd period - Goal by Radim Vrbata - Canadiens : 2 - Devils : 1.
4:08 of 2nd period - Stephen Weiss wins face-off versus Mike Ribeiro in neutral zone.
4:34 of 2nd period - Slapshot by Phil Kessel.
4:34 of 2nd period - Shot Misses the Net.
4:44 of 2nd period - Wrist shot by Mike York.
4:44 of 2nd period - Stopped by Antti Niemi without a rebound.
4:45 of 2nd period - Viktor Kozlov wins face-off versus Stephen Weiss in Devils zone.
4:50 of 2nd period - Snap shot by Radim Vrbata.
4:50 of 2nd period - Stopped by Antti Niemi with a rebound.
5:51 of 2nd period - Wrist shot by Stephen Weiss.
5:51 of 2nd period - Shot Blocked by Marek Svatos.
5:53 of 2nd period - Wrist shot by Guillaume Latendresse.
5:53 of 2nd period - Shot Misses the Net.
5:55 of 2nd period - Wrist shot by Guillaume Latendresse.
5:55 of 2nd period - Stopped by Mikael Tellqvist with a rebound.
5:57 of 2nd period - Slapshot by Andrei Markov.
5:57 of 2nd period - Stopped by Mikael Tellqvist without a rebound.
5:58 of 2nd period - Saku Koivu wins face-off versus Mike York in Canadiens zone.
5:59 of 2nd period - Wrist shot by Lee Stempniak.
5:59 of 2nd period - Stopped by Mikael Tellqvist with a rebound.
6:09 of 2nd period - Wrist shot by Marek Svatos.
6:09 of 2nd period - Stopped by Antti Niemi without a rebound.
6:10 of 2nd period - Mike Ribeiro wins face-off versus Guillaume Latendresse in Devils zone.
6:11 of 2nd period - Snap shot by Marek Svatos.
6:11 of 2nd period - Deflect By Andrei Markov.
6:11 of 2nd period - Shot Misses the Net.
6:11 of 2nd period - Puck is out of play.
6:12 of 2nd period - Stephen Weiss wins face-off versus Mike York in Devils zone.
6:17 of 2nd period - Snap shot by Stephen Weiss.
6:17 of 2nd period - Shot Misses the Net.
6:27 of 2nd period - Off-side.
6:28 of 2nd period - Saku Koivu wins face-off versus Radim Vrbata in neutral zone.
6:32 of 2nd period - Mike Komisarek is hit by Patrick Marleau and loses puck.
6:59 of 2nd period - Icing by Dennis Wideman.
7:00 of 2nd period - Stephen Weiss wins face-off versus Mike Ribeiro in Canadiens zone.
7:09 of 2nd period - Wrist shot by Guillaume Latendresse.
7:09 of 2nd period - Shot Misses the Net.
7:11 of 2nd period - Slapshot by Jeff Schultz.
7:11 of 2nd period - Deflect By Guillaume Latendresse.
7:11 of 2nd period - Shot Misses the Net.
7:11 of 2nd period - Puck is out of play.
7:12 of 2nd period - Stephen Weiss wins face-off versus Mike Ribeiro in Canadiens zone.
7:19 of 2nd period - Snap shot by Mike Ribeiro.
7:19 of 2nd period - Shot Misses the Net.
7:33 of 2nd period - Minor Penalty to Guillaume Latendresse for Holding.
7:34 of 2nd period - Doug Weight wins face-off versus Viktor Kozlov in Devils zone.
8:08 of 2nd period - Slapshot by Dennis Wideman.
8:08 of 2nd period - Deflect By Lee Stempniak.
8:08 of 2nd period - Stopped by Antti Niemi with a rebound.
8:57 of 2nd period - Icing by Mike Ribeiro.
8:58 of 2nd period - Mike Ribeiro wins face-off versus Jason Williams in Canadiens zone.
9:00 of 2nd period - Icing by Mike York.
9:01 of 2nd period - Mike Ribeiro wins face-off versus Jason Williams in Canadiens zone.
9:05 of 2nd period - Off-side.
9:06 of 2nd period - Viktor Kozlov wins face-off versus Doug Weight in neutral zone.
9:09 of 2nd period - Slapshot by Nicklas Lidstrom.
9:09 of 2nd period - Deflect By Doug Weight.
9:09 of 2nd period - Stopped by Antti Niemi without a rebound.
9:10 of 2nd period - Doug Weight wins face-off versus Viktor Kozlov in Devils zone.
9:23 of 2nd period - Snap shot by Radim Vrbata.
9:23 of 2nd period - Stopped by Antti Niemi without a rebound.
9:24 of 2nd period - Viktor Kozlov wins face-off versus Doug Weight in Devils zone.
9:33 of 2nd period - Penalty to Guillaume Latendresse is over, Guillaume Latendresse is back on ice.
10:01 of 2nd period - Slapshot by Chris Dingman.
10:01 of 2nd period - Deflect By Jamie Lundmark.
10:01 of 2nd period - Stopped by Antti Niemi without a rebound.
10:02 of 2nd period - Saku Koivu wins face-off versus Jamie Lundmark in Devils zone.
10:09 of 2nd period - Wrist shot by Jamie Lundmark.
10:09 of 2nd period - Goal by Jamie Lundmark - Canadiens : 3 - Devils : 1.
10:10 of 2nd period - Mike Ribeiro wins face-off versus Stephen Weiss in neutral zone.
10:49 of 2nd period - Major / Game Misconduct Penalty to Mike Komisarek for Unsportsmanlike conduct.
10:49 of 2nd period - Mike Komisarek is ejected from game.
10:50 of 2nd period - Doug Weight wins face-off versus Viktor Kozlov in Devils zone.
11:02 of 2nd period - Slapshot by Kurtis Foster.
11:02 of 2nd period - Deflect By Dennis Wideman.
11:02 of 2nd period - Stopped by Mikael Tellqvist without a rebound.
11:03 of 2nd period - Viktor Kozlov wins face-off versus Doug Weight in Canadiens zone.
11:35 of 2nd period - Wrist shot by Marek Svatos.
11:35 of 2nd period - Stopped by Antti Niemi with a rebound.
14:12 of 2nd period - Wrist shot by Michel Ouellet.
14:12 of 2nd period - Shot Misses the Net.
14:22 of 2nd period - Jonas Hoglund is hit by Mike York and loses puck.
15:49 of 2nd period - Penalty to Mike Komisarek is over, Lee Stempniak is send on ice.
17:43 of 2nd period - Ruslan Fedotenko is hit by Jason Williams and loses puck.
19:32 of 2nd period - Stephen Weiss is hit by Viktor Kozlov and loses puck.
19:56 of 2nd period - Marek Zidlicky is hit by Jeff Woywitka and loses puck.
Goals for this period are 3 for Canadiens vs 0 for Devils.
Shots for this period are 12 for Canadiens vs 10 for Devils.
3rd period
0:01 of 3rd period - Stephen Weiss wins face-off versus Mike Ribeiro in neutral zone.
0:11 of 3rd period - Wrist shot by Stephen Weiss.
0:11 of 3rd period - Stopped by Mikael Tellqvist without a rebound.
0:12 of 3rd period - Stephen Weiss wins face-off versus Mike Ribeiro in Canadiens zone.
0:21 of 3rd period - Ben Lovejoy is hit by Mike York and loses puck.
0:38 of 3rd period - Radim Vrbata is hit by Kurtis Foster and loses puck.
0:51 of 3rd period - Nicklas Lidstrom is hit by Lee Stempniak and loses puck.
1:08 of 3rd period - Snap shot by Chris Dingman.
1:08 of 3rd period - Shot Blocked by Doug Weight.
1:16 of 3rd period - Jeff Woywitka is hit by Doug Weight and loses puck.
1:31 of 3rd period - Snap shot by Jonas Hoglund.
1:31 of 3rd period - Stopped by Mikael Tellqvist with a rebound.
1:33 of 3rd period - Slapshot by Andrei Markov.
1:33 of 3rd period - Shot Blocked by Mike York.
1:35 of 3rd period - Slapshot by Ben Lovejoy.
1:35 of 3rd period - Stopped by Mikael Tellqvist without a rebound.
1:36 of 3rd period - Viktor Kozlov wins face-off versus Saku Koivu in Canadiens zone.
2:03 of 3rd period - Mike Ribeiro is hit by Jonas Hoglund and loses puck.
2:22 of 3rd period - Jeff Schultz is hit by Jamie Lundmark and loses puck.
3:09 of 3rd period - Nicklas Lidstrom is hit by Stephen Weiss.
3:50 of 3rd period - Andrei Markov is hit by Nicklas Lidstrom.
4:00 of 3rd period - Snap shot by Patrick Marleau.
4:00 of 3rd period - Shot Misses the Net.
4:18 of 3rd period - Doug Weight is hit by Jamie Lundmark and loses puck.
4:33 of 3rd period - Ben Lovejoy is hit by Marek Svatos and loses puck.
4:46 of 3rd period - Stephen Weiss is hit by Viktor Kozlov.
4:50 of 3rd period - Viktor Kozlov is hit by Stephen Weiss and loses puck.
5:11 of 3rd period - Éric Desjardins is hit by Patrick Eaves and loses puck.
5:38 of 3rd period - Wrist shot by Michel Ouellet.
5:38 of 3rd period - Shot Misses the Net.
5:40 of 3rd period - Slapshot by Jamie Lundmark.
5:40 of 3rd period - Deflect By Michel Ouellet.
5:40 of 3rd period - Stopped by Antti Niemi with a rebound.
6:09 of 3rd period - Wrist shot by Guillaume Latendresse.
6:09 of 3rd period - Stopped by Mikael Tellqvist with a rebound.
6:43 of 3rd period - Andrei Markov is hit by Jamie Lundmark and loses puck.
7:03 of 3rd period - Off-side.
7:04 of 3rd period - Doug Weight wins face-off versus Dave Scatchard in neutral zone.
7:09 of 3rd period - Wrist shot by Ben Lovejoy.
7:09 of 3rd period - Stopped by Mikael Tellqvist without a rebound.
7:10 of 3rd period - Mike Ribeiro wins face-off versus Stephen Weiss in Canadiens zone.
7:12 of 3rd period - Minor Penalty to Matt Carle for Hooking.
7:13 of 3rd period - Stephen Weiss wins face-off versus Viktor Kozlov in Canadiens zone.
7:15 of 3rd period - Wrist shot by Stephen Weiss.
7:15 of 3rd period - Stopped by Mikael Tellqvist with a rebound.
8:13 of 3rd period - Snap shot by Stephen Weiss.
8:13 of 3rd period - Stopped by Mikael Tellqvist without a rebound.
8:14 of 3rd period - Michel Ouellet wins face-off versus Saku Koivu in Canadiens zone.
9:12 of 3rd period - Penalty to Matt Carle is over, Matt Carle is back on ice.
9:37 of 3rd period - Brian Rafalski is hit by Marek Svatos and loses puck.
9:42 of 3rd period - Wrist shot by Mike York.
9:42 of 3rd period - Shot Misses the Net.
9:53 of 3rd period - Minor Penalty to Jeff Schultz for Tripping.
9:54 of 3rd period - Doug Weight wins face-off versus Viktor Kozlov in Devils zone.
10:04 of 3rd period - Snap shot by Radim Vrbata.
10:04 of 3rd period - Goal by Radim Vrbata - Canadiens : 4 - Devils : 1.
10:05 of 3rd period - Stephen Weiss wins face-off versus Mike Ribeiro in neutral zone.
10:13 of 3rd period - Minor Penalty to Matt Carle for Tripping.
10:14 of 3rd period - Viktor Kozlov wins face-off versus Stephen Weiss in Canadiens zone.
10:40 of 3rd period - Éric Desjardins is hit by Andrei Markov.
12:13 of 3rd period - Penalty to Matt Carle is over, Matt Carle is back on ice.
12:16 of 3rd period - Chris Dingman is hit by Brian Rafalski and loses puck.
12:45 of 3rd period - Wrist shot by Marek Svatos.
12:45 of 3rd period - Stopped by Antti Niemi with a rebound.
12:47 of 3rd period - Snap shot by Mike York.
12:47 of 3rd period - Shot Misses the Net.
13:28 of 3rd period - Wrist shot by Viktor Kozlov.
13:28 of 3rd period - Deflect By Saku Koivu.
13:28 of 3rd period - Shot Misses the Net.
13:28 of 3rd period - Puck is out of play.
13:29 of 3rd period - Viktor Kozlov wins face-off versus Saku Koivu in Devils zone.
13:30 of 3rd period - Snap shot by Radim Vrbata.
13:30 of 3rd period - Deflect By Patrick Marleau.
13:30 of 3rd period - Shot Misses the Net.
13:30 of 3rd period - Puck is out of play.
13:31 of 3rd period - Viktor Kozlov wins face-off versus Saku Koivu in Devils zone.
13:38 of 3rd period - Snap shot by Radim Vrbata.
13:38 of 3rd period - Shot Blocked by Kurtis Foster.
13:40 of 3rd period - Wrist shot by Patrick Marleau.
13:40 of 3rd period - Stopped by Antti Niemi with a rebound.
13:42 of 3rd period - Snap shot by Patrick Marleau.
13:42 of 3rd period - Stopped by Antti Niemi with a rebound.
13:46 of 3rd period - Slapshot by Viktor Kozlov.
13:46 of 3rd period - Stopped by Antti Niemi with a rebound.
14:00 of 3rd period - Snap shot by Marek Svatos.
14:00 of 3rd period - Stopped by Antti Niemi without a rebound.
14:01 of 3rd period - Stephen Weiss wins face-off versus Mike York in Devils zone.
14:18 of 3rd period - Wrist shot by Jonas Hoglund.
14:18 of 3rd period - Stopped by Mikael Tellqvist with a rebound.
14:20 of 3rd period - Wrist shot by Stephen Weiss.
14:20 of 3rd period - Stopped by Mikael Tellqvist without a rebound.
14:21 of 3rd period - Saku Koivu wins face-off versus Viktor Kozlov in Canadiens zone.
15:02 of 3rd period - Minor Penalty to Kurtis Foster for Roughing.
15:03 of 3rd period - Viktor Kozlov wins face-off versus Jonas Hoglund in Devils zone.
15:03 of 3rd period - Snap shot by Patrick Marleau.
15:03 of 3rd period - Shot Misses the Net.
15:05 of 3rd period - Slapshot by Patrick Marleau.
15:05 of 3rd period - Stopped by Antti Niemi without a rebound.
15:06 of 3rd period - Doug Weight wins face-off versus Viktor Kozlov in Devils zone.
15:37 of 3rd period - Wrist shot by Viktor Kozlov.
15:37 of 3rd period - Deflect By Radim Vrbata.
15:37 of 3rd period - Stopped by Antti Niemi without a rebound.
15:38 of 3rd period - Lee Stempniak wins face-off versus Mike Ribeiro in Devils zone.
16:53 of 3rd period - Nicklas Lidstrom is hit by Doug Weight and loses puck.
17:02 of 3rd period - Penalty to Kurtis Foster is over, Kurtis Foster is back on ice.
17:08 of 3rd period - Éric Desjardins is hit by Ben Lovejoy and loses puck.
17:19 of 3rd period - Patrick Eaves is hit by Matt Carle and loses puck.
17:34 of 3rd period - Ruslan Fedotenko is hit by Saku Koivu and loses puck.
17:48 of 3rd period - Icing by Saku Koivu.
17:49 of 3rd period - Saku Koivu wins face-off versus Mike Ribeiro in Devils zone.
17:56 of 3rd period - Wrist shot by Guillaume Latendresse.
17:56 of 3rd period - Stopped by Mikael Tellqvist with a rebound.
17:58 of 3rd period - Slapshot by Jeff Schultz.
17:58 of 3rd period - Shot Blocked by Nicklas Lidstrom.
18:00 of 3rd period - Snap shot by Jonas Hoglund.
18:00 of 3rd period - Shot Misses the Net.
18:38 of 3rd period - Lee Stempniak is hit by Jeff Woywitka and loses puck.
19:17 of 3rd period - Snap shot by Ruslan Fedotenko.
19:17 of 3rd period - Shot Misses the Net.
19:19 of 3rd period - Snap shot by Dennis Wideman.
19:19 of 3rd period - Shot Misses the Net.
19:21 of 3rd period - Snap shot by Dave Scatchard.
19:21 of 3rd period - Shot Blocked by Kurtis Foster.
19:41 of 3rd period - Slapshot by Ossi Vaananen.
19:41 of 3rd period - Deflect By Jamie Lundmark.
19:41 of 3rd period - Stopped by Antti Niemi with a rebound.
19:43 of 3rd period - Snap shot by Jamie Lundmark.
19:43 of 3rd period - Stopped by Antti Niemi with a rebound.
19:45 of 3rd period - Slapshot by Éric Desjardins.
19:45 of 3rd period - Stopped by Antti Niemi without a rebound.
19:46 of 3rd period - Saku Koivu wins face-off versus Jamie Lundmark in Devils zone.
Goals for this period are 1 for Canadiens vs 0 for Devils.
Shots for this period are 12 for Canadiens vs 10 for Devils.
Output by the SimonT Hockey Simulator (STHS) for François Prévost -- Original Page W3C XHTML 1.0 Valid